 Dungeon Crawl Stone Soup version 0.28.0-53-g5a82cb258f (webtiles) character file.

Game seed: 11986869469013918516

37 MiltankisOP the Changer (level 3, -10/28 HPs)
             Began as a Draconian Transmuter on June 13, 2022.
             Mangled by Sigmund
             ... wielding a +2 vorpal scythe
              (15 damage)
             ... on level 2 of the Dungeon.
             The game lasted 00:02:18 (2075 turns).

MiltankisOP the Changer (Draconian Transmuter)      Turns: 2075, Time: 00:02:18

Health: -10/28     AC:  5    Str: 12    XL:     3   Next: 21%
Magic:  5/6        EV: 12    Int: 15    God:
Gold:   135        SH:  0    Dex: 11    Spells: 5/6 levels left

rFire   . . .      SeeInvis .     - Unarmed
rCold   . . .      Faith    .   (no shield)
rNeg    . . .      Spirit   .   (armour unavailable)
rPois   .          Reflect  .   (helmet currently unavailable)
rElec   .          Harm     .   (no cloak)
rCorr   .          Rampage  .   (no gloves)
Will    .....                   (boots currently unavailable)
Stlth   +.........              (no amulet)
HPRegen 0.09/turn               (no ring)
MPRegen 0.10/turn               (no ring)

@: confused, appendages
A: horns 2, talons 2, AC +5, unfitting armour, cold-blooded
a: End Transformation


You were on level 2 of the Dungeon.
You had temporarily grown beastly horns and talons.
You visited 1 branch of the dungeon, and saw 2 of its levels.

You collected 135 gold pieces.

Inventory:

Scrolls
 a - 3 scrolls of blinking {unknown}
 b - a scroll of torment {unknown}
 c - a scroll of teleportation {unknown}
 d - a scroll of noise {unknown}
 e - a scroll of magic mapping {unknown}
 f - a scroll of brand weapon {unknown}
 g - a scroll of fear {unknown}
Potions
 h - a potion of mutation {unknown}


   Skills:
 - Level 1.1 Fighting
 - Level 1.7 Dodging
 - Level 3.0 Unarmed Combat
 - Level 2.0 Spellcasting
 + Level 3.7 Transmutations


You had 5 spell levels left.
You knew the following spells:

 Your Spells              Type           Power      Damage    Failure   Level
a - Beastly Appendage     Tmut           24%        N/A       4%          1

Your spell library contained the following spells:

 Spells                   Type           Power      Damage    Failure   Level
 Wereblood                Tmut           12%        N/A       8%          2
 Spider Form              Tmut/Pois      7%         N/A       30%         3
 Corpse Rot               Necr/Air       2%         N/A       32%         2
 Poisonous Vapours        Pois/Air       2%         N/A       32%         2
 Confusing Touch          Hex            1%         N/A       54%         3
 Ice Form                 Ice/Tmut       7%         N/A       71%         4
 Yara's Violent Unravell  Hex/Tmut       3%         3d4       96%         5
 Enfeeble                 Hex            0%         N/A       100%        7


Dungeon Overview and Level Annotations

Branches:
Dungeon (2/15)

Altars:

Annotations:
D:2 Sigmund


Innate Abilities, Weirdness & Mutations

You have temporarily grown beastly horns and talons.
Your plain brown scales are hard. (AC +5)
You cannot fit into any form of body armour.
You are cold-blooded and may be slowed by cold attacks.


Message History

The puff of flame hits you.
You barely miss Sigmund. Your kick misses Sigmund.
Your headbutt misses Sigmund.
Sigmund is lightly wounded.
Sigmund closely misses you.
You closely miss Sigmund. You claw Sigmund.
Sigmund is moderately wounded.
You hit Sigmund.
Sigmund is moderately wounded.
Sigmund hits you with a +2 vorpal scythe.
You closely miss Sigmund. Your kick misses Sigmund. You headbutt Sigmund.
Sigmund is moderately wounded.
Your horns disappear.
Your talons disappear.
Casting: Beastly Appendage (safe; 4% risk of failure)
Confirm with . or Enter, or press ? or * to list all spells.
You grow a pair of large bovine horns.
Your feet morph into talons.
Sigmund hits you with a +2 vorpal scythe.
You closely miss Sigmund. You claw Sigmund, but do no damage.
Sigmund is moderately wounded.
Sigmund barely misses you.
You hit Sigmund. Your headbutt misses Sigmund.
Sigmund is moderately wounded.
You hit Sigmund.
Sigmund is heavily wounded.
Sigmund gestures at you while chanting. The magic dart hits you!
You hit Sigmund but do no damage.
Your tail-slap misses Sigmund.
Sigmund is heavily wounded.
Sigmund laughs darkly.
Sigmund points at you and mumbles some strange words.
You are confused.
Sigmund hits you from afar with a +2 vorpal scythe.
* * * LOW HITPOINT WARNING * * *
x2 You bump into the rock wall.
Sigmund casts a spell.
Sigmund flickers and vanishes!
Deactivating autopickup; reactivate with Ctrl-A.
You bump into the rock wall.
Something hits you!
Ouch! That really hurt!
You die...

# # # #
####################
...................#
...#.......#####.###
##.#.#####.# #.#
.#.#.# #.# #@#
.#.#.# #.# #.#
<#.#.# #.# #{#
.#.#.# #.# #.#
.#.#.# #.. ..#
##.#.# ### ###
...#.# ####.# ..##.#


There were no monsters in sight!

Vanquished Creatures
  2 worms (D:2)
  A dart slug (D:2)
  2 endoplasms (D:1)
  4 goblins
  A hobgoblin (D:2)
  3 kobolds
  3 quokkas (D:1)
  3 ball pythons (D:1)
  6 bats
  A frilled lizard (D:2)
  2 rats (D:1)
28 creatures vanquished.

Notes
Turn   | Place    | Note
-------+----------+-------------------------------------------
     0 | D:1      | MiltankisOP the Draconian Transmuter began the quest for
                  | the Orb.
     0 | D:1      | Reached XP level 1. HP: 16/16 MP: 3/3
   270 | D:1      | Reached XP level 2. HP: 19/23 MP: 3/5
  1074 | D:2      | HP: 1/23 [worm (10)]
  1518 | D:2      | Reached XP level 3. HP: 9/28 MP: 4/6
  2056 | D:2      | Noticed Sigmund
  2075 | D:2      | Mangled by Sigmund

Illustrated notes

Levels and vault maps discovered:
D:1:      eino_arrival_cavern_d, layout_basic, minmay_small_reverse_x
D:2:      layout_basic, eino_tiny_chamber, minmay_pentomino_r2, uniq_sigmund

Skill      XL: |  1  2 |
---------------+-------+-----
Transmutations | 3 |  3.7
Fighting       | |  1.1
Dodging        | |  1.7
Unarmed Combat | |  3.0
Spellcasting   | |  2.0

Action                   || total
-------------------------++-------
Melee: Unarmed           ||    97
       Kick              ||    28
       Headbutt          ||    12
       Tailslap          ||     5
       Punch             ||     1
 Cast: Beastly Appendage ||    23
 Stab: Sleeping          ||     1
Armor: Skin              ||    23
Dodge: Dodged            ||    57
